 Dungeon Sprint DCSS version 0.29-a0-330-g52719c12eb (webtiles) character file.

Game seed: 6935470113256203088

1497 HoaS the Grappler (level 8, -26/55 HPs)
             Began as a Gargoyle Gladiator on May 22, 2022.
             Was a Believer of Makhleb.
             Annihilated by a death knight
             ... wielding a +4 battleaxe
              (28 damage)
             ... in the Dungeon (Sprint IX: "|||||||||||||||||||||||||||||").
             The game lasted 00:03:36 (344 turns).

HoaS the Grappler (Gargoyle Gladiator)               Turns: 344, Time: 00:03:37

Health: -26/55     AC: 21    Str: 24    XL:     8   Next: 81%
Magic:  8/8        EV: 10    Int:  8    God:    Makhleb [**....]
Gold:   0          SH:  0    Dex: 11    Spells: 7/7 levels left

rFire   . . .      SeeInvis .     - Unarmed
rCold   . . .      Faith    .   (no shield)
rNeg    + . .      Spirit   .   o - +1 chain mail
rPois   ∞          Reflect  .   b - +0 helmet
rElec   +          Harm     .   m - +0 cloak
rCorr   .          Rampage  .   n - +0 pair of gloves
Will    .....      NoTele   +   (no boots)
Stlth   ..........              (no amulet)
HPRegen 0.18/turn               q - +3 ring of strength
MPRegen 0.11/turn               (no ring)

@: no status effects
A: sickness immunity, AC +5, negative energy resistance 1, electricity
resistance, torment resistance 1, petrification resistance
a: Renounce Religion, Minor Destruction


You were in the Dungeon.
You worshipped Makhleb.
Makhleb was pleased with you.
You visited 1 branch

Inventory:

Missiles
 d - a javelin (quivered)
Armour
 b - a +0 helmet (worn)
 m - a +0 cloak (worn)
 n - a +0 pair of gloves (worn)
 o - a +1 chain mail (worn)
Jewellery
 q - a +3 ring of strength (left hand)
Wands
 l - a wand of iceblast (10)
Scrolls
 j - 2 scrolls of blinking
Potions
 e - 5 potions of curing
 i - a potion of invisibility


   Skills:
 + Level 8.7 Fighting
 - Level 1.7 Throwing
 + Level 8.7 Armour
 + Level 6.9 Dodging
 * Level 13.9 Unarmed Combat


You had 7 spell levels left.
You didn't know any spells.
Your spell library was empty.

Dungeon Overview and Level Annotations

Branches:
Dungeon (1/1)

Altars:
Cheibriados
Dithmenos
Elyvilon
Fedhas
Gozag
Hepliaklqana
Kikubaaqudgha
Makhleb
Nemelex Xobeh
Okawaru
Qazlal
Ru
Sif Muna
Trog
Uskayaw
Vehumet
Wu Jian
Xom
Yredelemnul
Zin
The Shining One
Beogh
Jiyva
Lugonu


Innate Abilities, Weirdness & Mutations

You are immune to sickness and miasma.
Your stone body is resilient. (AC +5)
You are immune to poison.
You resist negative energy. (rN+)
You are resistant to electric shocks. (rElec)
You are resistant to unholy torment.
You are immune to petrification.


Message History

Your Unarmed Combat skill increases to level 13!
The death knight struggles against the net.
There is an open door, spattered with blood here.
Things that are here:
a +0 giant club; a +0 giant club; a two-headed ogre corpse You punch the death knight!
The death knight is lightly wounded.
The death knight reflects your damage back at you!
The death knight struggles against the net.
The net rips apart, and the death knight comes free!
You hit the death knight but do no damage.
The death knight is lightly wounded.
You punch the death knight!
The death knight is moderately wounded.
The death knight reflects your damage back at you!
The death knight hits you with a +4 battleaxe!
You hit the death knight but do no damage.
The death knight is moderately wounded.
The death knight closely misses you.
You hit the death knight but do no damage.
The death knight is moderately wounded.
The death knight hits you with a +4 battleaxe!!
* * * LOW HITPOINT WARNING * * *
You feel much better.
The death knight invokes the aid of Yredelemnul against you.
You barely resist. You punch the death knight!
The death knight is heavily wounded.
The death knight reflects your damage back at you!
You pummel the death knight!!
The death knight is severely wounded.
The death knight reflects your damage back at you!
The death knight's dark mirror aura disappears.
The death knight hits you with a +4 battleaxe!!
* * * LOW HITPOINT WARNING * * *
You pummel the death knight!!
The death knight is almost dead.
The death knight hits you with a +4 battleaxe!!
Ouch! That really hurt!
You die... ▓▓▓▓▓▓▓▓▓▓▓▓▓▓▓▓▓▓▓▓▓▓▓▓ ..).....=†.)....@pcYWT.+ ▓▓▓▓▓▓▓▓▓▓▓▓▓▓▓▓▓▓▓▓▓▓▓▓

You could see a death knight, a catoblepas, a centaur warrior, a troll and a wraith.

Vanquished Creatures
  A two-headed ogre (D)
  A troll (D)
  A hornet (D)
  A wraith (D)
  A yak (D)
  A centaur (D)
  A phantom (D)
  A howler monkey (D)
  A hound (D)
  A gnoll (D)
  An ufetubus (D)
  A ball python (D)
  2 hobgoblins (D)
  A quokka (D)
  A bat (D)
  A frilled lizard (D)
17 creatures vanquished.

Notes
Turn   | Place    | Note
-------+----------+-------------------------------------------
     0 | D        | HoaS the Gargoyle Gladiator began the quest for the Orb.
     0 | D        | Reached XP level 1. HP: 12/12 MP: 1/1
    18 | D        | Reached skill level 1 in Armour
    39 | D        | Reached skill level 4 in Unarmed Combat
   107 | D        | Noticed a phantom
   107 | D        | Noticed a hound
   117 | D        | Reached skill level 5 in Unarmed Combat
   117 | D        | Reached XP level 2. HP: 16/17 MP: 2/2
   130 | D        | Killed a phantom
   131 | D        | Reached skill level 9 in Unarmed Combat
   131 | D        | Reached XP level 3. HP: 21/21 MP: 3/3
   131 | D        | Reached XP level 4. HP: 26/26 MP: 4/4
   132 | D        | Reached XP level 5. HP: 32/32 MP: 5/5
   183 | D        | Found a snail-covered altar of Cheibriados.
   183 | D        | Found a shadowy altar of Dithmenos.
   183 | D        | Found a white marble altar of Elyvilon.
   183 | D        | Found a blossoming altar of Fedhas.
   183 | D        | Found an opulent altar of Gozag.
   184 | D        | Found a hazy altar of Hepliaklqana.
   185 | D        | Found a viscous altar of Jiyva.
   186 | D        | Found an ancient bone altar of Kikubaaqudgha.
   187 | D        | Found a corrupted altar of Lugonu.
   188 | D        | Found a burning altar of Makhleb.
   189 | D        | Found a sparkling altar of Nemelex Xobeh.
   190 | D        | Found an iron altar of Okawaru.
   191 | D        | Found a stormy altar of Qazlal.
   192 | D        | Found a sacrificial altar of Ru.
   193 | D        | Found a shimmering blue altar of Sif Muna.
   194 | D        | Found a bloodstained altar of Trog.
   195 | D        | Found a hide-covered altar of Uskayaw.
   196 | D        | Found a radiant altar of Vehumet.
   197 | D        | Found an ornate altar of the Wu Jian Council.
   198 | D        | Found a shimmering altar of Xom.
   199 | D        | Found a basalt altar of Yredelemnul.
   200 | D        | Found a glowing silver altar of Zin.
   201 | D        | Found a glowing golden altar of the Shining One.
   214 | D        | Became a worshipper of Makhleb the Destroyer
   272 | D        | Noticed a troll
   272 | D        | Noticed a yak
   272 | D        | Noticed a wraith
   272 | D        | Noticed a hornet
   272 | D        | Noticed a centaur
   282 | D        | Killed a troll
   283 | D        | Reached skill level 5 in Fighting
   283 | D        | Reached skill level 5 in Armour
   283 | D        | Reached skill level 11 in Unarmed Combat
   283 | D        | Reached XP level 6. HP: 18/40 MP: 6/6
   291 | D        | Killed a yak
   292 | D        | Reached skill level 5 in Dodging
   292 | D        | Reached XP level 7. HP: 31/46 MP: 7/7
   302 | D        | Killed a wraith
   302 | D        | Reached * piety under Makhleb
   303 | D        | Reached skill level 12 in Unarmed Combat
   307 | D        | Killed a hornet
   311 | D        | Reached XP level 8. HP: 52/53 MP: 8/8
   314 | D        | Reached ** piety under Makhleb
   328 | D        | Noticed a two-headed ogre
   328 | D        | Noticed a death knight
   328 | D        | Noticed a centaur warrior
   328 | D        | Noticed a catoblepas
   328 | D        | Noticed a wraith
   328 | D        | Noticed a troll
   334 | D        | Killed a two-headed ogre
   335 | D        | Reached skill level 13 in Unarmed Combat
   343 | D        | HP: 1/55 [death knight/+4 battleaxe (20)]
   344 | D        | Annihilated by a death knight

Illustrated notes

Levels and vault maps discovered:
D:        linesprint [early_d, line_temple, items_1, d_10, items_2, lair_1,
          lair_end, items_3, orc_1, orc_end, items_4, d_15, swamp_1, shoals_1,
          snake_1, spider_1, d_20, vaults_1, items_5, swamp_end, shoals_end,
          snake_end, spider_end, vaults_end, d_27, items_6, zot_1, zot_end,
          crypt_end, forest_end, elf_end, slime_end, tomb_end, abyss_end,
          pan_hell_end]

Skill      XL: |  1  2  3  4  5  6  7  8 |
---------------+-------------------------+-----
Armour         | 2 5 6 7 8 |  8.7
Unarmed Combat | 5 9 11 12 13 | 13.9
Fighting       | 5 6 7 8 |  8.7
Dodging        | 4 5 6 |  6.9
Throwing       | |  1.7

Action                   |  1- 3 |  4- 6 |  7- 9 || total
-------------------------+-------+-------+-------++-------
Melee: Unarmed           |    56 |    20 |    32 ||   108
       Punch             |     1 |     3 |     3 ||     7
Throw: Throwing net      |     1 |       |     2 ||     3
  Use: Potion            |     1 |     2 |     2 ||     5
 Stab: Held in net/web   |       |       |     1 ||     1
Armor: Leather armour    |    16 |     3 |       ||    19
       Chain mail        |       |     7 |     9 ||    16
Dodge: Dodged            |    23 |     7 |     3 ||    33

Table legend: (Time is in decaauts)
 A = Elapsed time spent in this place.
 B = Non-inter-level travel time spent in this place.
 C = Inter-level travel time spent in this place.
 D = Time resting spent in this place.
 E = Time spent auto-exploring this place.
 F = Levels seen in this place.
 G = Mean time per level.
                   A        B        C        D        E       F      G
               +--------+--------+--------+--------+--------+-----+--------+
         Total |    319 |    319 |      0 |    117 |      0 |   1 |  319.0 |
       Dungeon |    319 |    319 |      0 |    117 |      0 |   1 |  319.0 |
               +--------+--------+--------+--------+--------+-----+--------+

Top non-repeatable levels by time:
       D: 319 daAuts
